Map: Lerilak Crest

Players

Walnut

  • Race: Terran Terran
  • League: Platinum

Maze

  • Race: Terran Terran
  • League: Platinum

Drumtest - Winner!

  • Race: Protoss Protoss
  • League: Platinum

YourMother - Winner!

  • Race: Protoss Protoss
  • League: Diamond

VOD

Have the link to the VOD?

Description

Time

  • Played on: Oct. 13, 2015, 10:54 p.m.
  • Length: 11:31
Show
View Real Time Build Order
Export as new Build Order

Walnut Terran 

Build Orders: Reaper Expand, MMM Bio 

Get SALT Encoding   

  12  0:00  SCV  
  13  0:13  SCV  
  14  0:18  Supply Depot  
  14  0:25  SCV  
  15  0:39  SCV  
  15  0:40  Barracks  
  16  0:44  Refinery  
  16  0:51  SCV  
  17  1:03  SCV  
  18  1:16  SCV  
  19  1:27  Reaper  
  19  1:29  Orbital Command  
  20  1:39  Command Center  
  20  1:48  Supply Depot  
  20  1:54  SCV  
  20  1:59  Barracks Tech Lab  
  21  2:06  SCV  
  21  2:07  Barracks  
  22  2:18  SCV  
  22  2:19  Concussive Shells, Marauder  
  25  2:30  SCV, Barracks  
  26  2:40  Marauder  
  26  2:42  SCV  
  28  2:47  Refinery  
  28  2:51  Orbital Command  
  28  2:55  Barracks Reactor, SCV  
  29  3:01  Marine  
  30  3:07  SCV, Refinery  
  31  3:18  Barracks Tech Lab  
  31  3:19  SCV, Marine  
  33  3:21  Combat Shields  
  33  3:27  Orbital Command  
  34  3:31  SCV, Marine x2  
  36  3:41  Marine x2  
  36  3:43  SCV  
  36  3:44  Stimpack  
  36  3:47  Supply Depot  
  39  3:50  Marine  
  39  3:54  SCV  
  39  3:55  SCV  
  42  3:56  Marine  
  42  4:01  Marine  
  42  4:02  Supply Depot  
  44  4:06  SCV  
  44  4:07  Marine  
  44  4:09  SCV  
  47  4:12  Factory  
  47  4:15  Marine  
  48  4:18  SCV  
  48  4:22  Engineering Bay  
  48  4:23  SCV  
  48  4:24  Refinery  
  50  4:30  Marine  
  51  4:31  Bunker  
  51  4:32  SCV  
  51  4:34  Marine  
  51  4:35  SCV  
  54  4:42  Supply Depot  
  54  4:44  SCV, Marine  
  56  4:47  Marine  
  56  4:48  SCV  
  56  4:49  Terran Infantry Weapons Level 1  
  58  4:56  SCV  
  58  4:57  Missile Turret  
  58  4:58  Factory Reactor  
  59  5:00  Starport  
  59  5:01  Marine  
  59  5:04  SCV  
  61  5:08  SCV, Marine  
  63  5:14  Supply Depot  
  63  5:15  Supply Depot  
  63  5:16  SCV  
  62  5:21  Marine x2  
  62  5:27  SCV, Marine x2  
  67  5:33  SCV  
  68  5:40  SCV  
  68  5:41  Marine  
  68  5:42  Supply Depot, Medivac, Marine  
  71  5:43  Viking  
  71  5:45  SCV  
  71  5:46  Marauder  
  78  5:52  Supply Depot  
  78  5:53  Supply Depot  
  78  6:03  Marine  
  78  6:04  SCV x2  
  79  6:12  Medivac, Marine x2  
  79  6:13  Marauder  
  79  6:16  SCV  
  79  6:18  SCV, Medivac  
  89  6:20  Supply Depot  
  89  6:23  Marine  
  90  6:28  SCV  
  90  6:29  Marine  
  90  6:30  SCV, Marine  
  94  6:34  Marauder  
  96  6:40  Marine  
  96  6:43  Command Center  
  96  6:44  Terran Infantry Armor Level 1  
  96  6:46  Engineering Bay  
  97  6:49  Armory  
  97  6:52  Marine  
  97  6:53  Medivac  
  100  6:59  SCV  
  101  7:01  SCV, Refinery  
  101  7:04  Marine  
  103  7:11  SCV  
  103  7:13  SCV, Marine x2  
  106  7:21  Marine x2  
  106  7:23  SCV  
  106  7:24  Medivac  
  106  7:28  SCV  
  106  7:29  Barracks  
  110  7:30  Barracks  
  110  7:31  Marine  
  110  7:36  SCV  
  112  7:38  Supply Depot, Marine  
  112  7:39  Marauder  
  115  7:44  SCV  
  115  7:48  SCV  
  115  7:51  Supply Depot x2  
  117  7:56  Orbital Command  
  117  7:59  Marine  
  117  8:01  Ghost Academy  
  117  8:02  Marine x2  
  117  8:04  SCV  
  121  8:06  Marine  
  121  8:09  Medivac  
  124  8:14  SCV  
  124  8:16  SCV  
  124  8:17  Marine  
  127  8:24  Marine  
  129  8:28  Orbital Command  
  129  8:30  Terran Infantry Weapons Level 2  
  129  8:31  Barracks Tech Lab  
  129  8:32  Barracks Tech Lab, Marine  
  129  8:33  Marine  
  124  8:35  SCV  
  124  8:38  Refinery  
  115  8:41  Marine  
  115  8:42  Marine  
  115  8:43  Refinery  
  115  8:45  SCV  
  115  8:47  SCV  
  110  8:50  Marine  
  110  8:51  Marine  
  105  8:55  SCV  
  105  8:56  Marine x2  
  105  8:58  SCV  
  105  8:59  Marine  
  105  9:00  SCV  
  104  9:11  SCV x2  
  104  9:15  Terran Infantry Armor Level 2  
  108  9:17  Ghost x4  
  108  9:18  Marine  
  108  9:20  Medivac  
  108  9:23  SCV x2  
  116  9:25  SCV  
  116  9:27  Marine  
  118  9:35  SCV x2  
  118  9:36  Marine  
  118  9:37  SCV  
  120  9:45  Marine  
  120  9:46  Marauder x2, Medivac, Marine x2  
  120  9:47  SCV  
  120  9:48  SCV  
  120  9:49  Command Center  
  123  9:53  Marine  
  123  9:54  SCV  
  126  10:00  SCV  
  126  10:03  Marine  
  126  10:04  Marauder, Marine  
  126  10:05  Barracks  
  126  10:06  Barracks  
  132  10:07  Marauder  
  132  10:08  Marauder  
  132  10:09  Medivac  
  132  10:11  Marine  
  137  10:15  SCV  
  137  10:19  Medivac  
  137  10:21  Marine  
  140  10:22  Marauder  
  140  10:26  Marauder  
  145  10:28  Marine  
  145  10:29  Marauder  
  145  10:30  Marine  
  136  10:39  Marine  
  133  10:43  Marauder  
  133  10:44  Medivac  
  133  10:46  Marine  
  133  10:47  Marine, Marauder  
  130  10:50  Marauder  
  130  10:57  Marine  
  120  11:00  Marine  
  111  11:05  Marauder x2  
  111  11:08  Marine  
  111  11:09  Marauder  
Show
View Real Time Build Order
Export as new Build Order

Maze Terran 

Build Orders:  

Get SALT Encoding   

  12  0:01  Probe (Chrono Boost)  
  13  0:11  Probe (Chrono Boost)  
  14  0:19  Pylon  
  14  0:22  Probe (Chrono Boost)  
  15  0:37  Probe (Chrono Boost)  
  15  0:41  Gateway  
  16  0:48  Probe (Chrono Boost)  
  16  0:49  Assimilator  
  17  0:58  Probe (Chrono Boost)  
  18  1:09  Probe (Chrono Boost)  
  19  1:22  Nexus  
  19  1:32  Cybernetics Core  
  19  1:39  Pylon  
  19  1:41  Probe (Chrono Boost)  
  20  1:52  Probe (Chrono Boost)  
  21  1:55  Assimilator  
  21  2:03  Probe (Chrono Boost)  
  22  2:13  Adept  
  22  2:14  Mothership Core (Chrono Boost)  
  25  2:20  Pylon  
  25  2:26  Warp Gate  
  25  2:28  Pylon  
  25  2:32  Probe (Chrono Boost)  
  27  2:37  Probe (Chrono Boost)  
  27  2:43  Probe (Chrono Boost)  
  29  2:51  Probe (Chrono Boost)  
  29  2:53  Probe (Chrono Boost)  
  30  3:00  Robotics Facility  
  30  3:01  Adept  
  30  3:04  Probe (Chrono Boost)  
  33  3:09  Probe (Chrono Boost)  
  34  3:15  Probe (Chrono Boost)  
  35  3:25  Gateway  
  35  3:27  Gateway  
  35  3:32  Pylon  
  33  3:34  Probe (Chrono Boost)  
  34  3:44  Probe (Chrono Boost), Warp Prism  
  34  3:46  Probe (Chrono Boost)  
  39  3:56  Probe (Chrono Boost)  
  39  4:00  Probe (Chrono Boost)  
  40  4:07  Twilight Council  
  41  4:10  Probe (Chrono Boost)  
  41  4:12  Probe (Chrono Boost)  
  42  4:20  Observer  
  43  4:28  Probe (Chrono Boost), Adept x3, Assimilator  
  43  4:30  Pylon  
  50  4:32  Assimilator  
  50  4:37  Probe (Chrono Boost)  
  51  4:38  Pylon  
  51  4:41  Probe (Chrono Boost)  
  51  4:42  Forge  
  52  4:49  Sentry x3  
  52  4:50  Immortal  
  62  5:02  Probe (Chrono Boost)  
  62  5:04  Probe (Chrono Boost)  
  62  5:05  Blink  
  64  5:12  Probe (Chrono Boost)  
  65  5:18  Probe (Chrono Boost)  
  66  5:24  Probe (Chrono Boost)  
  66  5:26  Immortal  
  67  5:29  Protoss Ground Armor Level 1  
  71  5:36  Gateway  
  71  5:37  Gateway  
  71  5:42  Gateway  
  71  6:05  Immortal  
  71  6:06  Nexus  
  71  6:08  Pylon  
  75  6:13  Stalker x2  
  81  6:19  Probe x2 (Chrono Boost)  
  81  6:25  Stalker  
  83  6:32  Forge  
  79  6:34  Probe x2 (Chrono Boost)  
  79  6:43  Zealot  
  79  6:45  Immortal, Pylon  
  79  6:46  Probe (Chrono Boost)  
  86  6:57  Stalker  
  86  7:00  Stalker  
  88  7:06  Zealot x2  
  92  7:12  Stalker  
  94  7:16  Stalker, Charge  
  94  7:22  Immortal  
  96  7:33  Probe (Chrono Boost)  
  96  7:47  Stalker x2  
  96  7:48  Stalker x2  
  103  7:59  Protoss Ground Weapons Level 1  
  103  8:03  Protoss Ground Armor Level 2  
  103  8:10  Probe x2 (Chrono Boost)  
  103  8:24  Stalker  
  103  8:25  Stalker x3  
  103  8:26  Stalker x2  
  115  8:30  Probe (Chrono Boost)  
  116  8:36  Probe (Chrono Boost)  
  91  8:48  Zealot x3  
  91  8:49  Zealot x3  
  91  8:51  Immortal  
  84  9:12  Stalker x6  
  84  9:15  Probe (Chrono Boost)  
  84  9:16  Probe (Chrono Boost)  
  98  9:25  Templar Archives  
  98  9:32  Assimilator  
  98  9:33  Probe (Chrono Boost)  
  98  9:35  Gateway  
  98  9:37  Gateway, Assimilator  
  99  9:39  Sentry x2  
  99  9:40  Pylon  
  99  9:43  Stalker  
  99  9:44  Stalker  
  106  9:52  Warp Prism  
  108  10:00  Stalker  
  108  10:04  Zealot x2  
  108  10:05  Zealot  
  116  10:17  Stalker x2  
  116  10:20  Probe (Chrono Boost)  
  109  10:46  Zealot x6  
  107  11:06  Zealot x6  
  107  11:12  Gateway  
  107  11:15  Gateway  
  107  11:17  Stalker x2  
  105  11:27  Nexus  
  105  11:29  Pylon  
Show
View Real Time Build Order
Export as new Build Order

Drumtest Protoss - Winner!

Build Orders:  

Get SALT Encoding   

Show
View Real Time Build Order
Export as new Build Order

YourMother Protoss - Winner!

Build Orders:  

Get SALT Encoding   

Tags
 
Add a new tag
Caveats
  • Supply blocks, unpowered buildings, or Contaminate may cause inaccurate times.
  • Supply counts are checked every 10 seconds.